 Dungeon Crawl Stone Soup version 0.28-b1-70-g80dc712255 (webtiles) character file.

Game seed: 11245302050454996624

14 tizbic2 the Grave Robber (level 2, -7/20 HPs)
             Began as a Draconian Necromancer on Feb 4, 2022.
             Killed from afar by Natasha (9 damage)
             ... with a magic dart
             ... on level 2 of the Dungeon.
             The game lasted 00:02:33 (711 turns).

tizbic2 the Grave Robber (Draconian Necromancer)     Turns: 711, Time: 00:02:35

Health: -7/20      AC:  4    Str: 10    XL:     2   Next: 31%
Magic:  1/5        EV: 12    Int: 15    God:
Gold:   34         SH:  0    Dex: 11    Spells: 4/5 levels left

rFire   . . .      SeeInvis .   b - +0 short sword
rCold   . . .      Faith    .   (no shield)
rNeg    . . .      Spirit   .   (armour unavailable)
rPois   .          Reflect  .   (helmet restricted)
rElec   .          Harm     .   (no cloak)
rCorr   .          Rampage  .   (no gloves)
Will    .....                   (no boots)
Stlth   ++........              (no amulet)
HPRegen 0.06/turn               (no ring)
MPRegen 0.09/turn               (no ring)

@: slowed, very slow
A: AC +4, unfitting armour, cold-blooded
a: no special abilities


You were on level 2 of the Dungeon.
You visited 1 branch of the dungeon, and saw 2 of its levels.

You collected 34 gold pieces.

Inventory:

Hand Weapons
 b - a +0 short sword (weapon)
Missiles
 a - 21 sling bullets
 c - 16 stones


   Skills:
 - Level 1.7 Dodging
 - Level 1.7 Stealth
 + Level 2.3 Spellcasting
 * Level 4.4 Necromancy


You had 4 spell levels left.
You knew the following spells:

 Your Spells              Type           Power      Damage    Failure   Level
a - Pain                  Necr           60%        1d7       3%          1

Your spell library contained the following spells:

 Spells                   Type           Power      Damage    Failure   Level
 Animate Skeleton         Necr           30%        N/A       3%          1
 Vampiric Draining        Necr           15%        2d7       11%         3
 Scorch                   Fire           2%         2d5       32%         2
 Animate Dead             Necr           7%         N/A       34%         4
 Flame Wave               Conj/Fire      1%         2d4       91%         4
 Agony                    Necr           15%        N/A       67%         5
 Summon Cactus Giant      Summ           0%         N/A       100%        6


Dungeon Overview and Level Annotations

Branches:
Dungeon (1/15)

Altars:

Annotations:
D:2 Natasha


Innate Abilities, Weirdness & Mutations

Your plain brown scales are hard. (AC +4)
You cannot fit into any form of body armour.
You are cold-blooded and may be slowed by cold attacks.


Message History

Natasha, Servant of Life and Death comes into view.
Natasha hisses angrily.
Natasha howls an incantation.
Natasha's front paws start to glow.
Natasha claws you.
You barely miss Natasha. Natasha misses you.
You hit Natasha.
Natasha is lightly wounded.
Natasha closely misses you. Natasha barely misses you.
You closely miss Natasha. You tail-slap Natasha.
Natasha is heavily wounded.
Natasha claws you.
Aiming: Pain (safe; 3% risk of failure)
Press: ? - help, Q - select action, (/) - cycle Shift-Dir - straight line, f - Natasha
Aim: Natasha (heavily wounded, chance to affect: 72%) Natasha writhes in agony.
Natasha barely misses you.
You closely miss Natasha.
Natasha is severely wounded.
Natasha stares at you and mumbles some strange words.
The magic dart hits you.
* * * LOW HITPOINT WARNING * * *
Aiming: Pain (safe; 3% risk of failure)
Press: ? - help, Q - select action, (/) - cycle Shift-Dir - straight line, f/p - Natasha
Aim: Natasha (severely wounded, chance to affect: 72%) Natasha writhes in agony.
Natasha misses you.
Aiming: Pain (safe; 3% risk of failure)
Press: ? - help, Q - select action, (/) - cycle Shift-Dir - straight line, f/p - Natasha
Aim: Natasha (almost dead, chance to affect: 72%) Natasha struggles to resist.
Natasha casts a spell at you.
You feel yourself slow down.
Aiming: Pain (safe; 3% risk of failure)
Press: ? - help, Q - select action, (/) - cycle Shift-Dir - straight line, f/p - Natasha
Aim: Natasha (almost dead, chance to affect: 72%) Natasha struggles to resist.
Natasha casts a spell at you. The magic dart hits you!
You die...

#.##...
#....#######.##...
#.##.........##...
#.##..###.....####
#.##..# #.....#
#.##..# #.....#
#.##..# #.....#
#h##..###.....###
#@##..............
#.###.###.....####
#.....# #.....#
####### #.....#
#....... #.....###
#####... ...


You could see Natasha.

Vanquished Creatures
  A dart slug (D:1)
  An endoplasm (D:2)
  A hobgoblin (D:2)
  4 jackals (D:2)
  A kobold (D:2)
  A frilled lizard (D:2)
  2 rats (D:2)
11 creatures vanquished.

Notes
Turn   | Place    | Note
-------+----------+-------------------------------------------
     0 | D:1      | tizbic2 the Draconian Necromancer began the quest for the
                  | Orb.
     0 | D:1      | Reached XP level 1. HP: 14/14 MP: 3/3
    95 | D:1      | You fall into a shaft and drop 1 floor!
   247 | D:2      | Reached XP level 2. HP: 5/20 MP: 5/5
   697 | D:2      | Noticed Natasha
   711 | D:2      | Killed from afar by Natasha

Illustrated notes

Levels and vault maps discovered:
D:1:      dpeg_arrival_court, layout_loops_corners,
          chequers_ecumenical_altar_simple
D:2:      layout_basic, basic_altar, uniq_natasha, uniq_robin

Action                   || total
-------------------------++-------
Melee: Short sword       ||    37
       Unarmed           ||    13
       Tailslap          ||     4
       Punch             ||     1
 Cast: Pain              ||    19
Armor: Skin              ||    19
Dodge: Dodged            ||    50
